 Dungeon Crawl Stone Soup version 0.26-a0-661-g406de6ba63 (webtiles) character file.

Game seed: 15515974445930639949

3465 tacoguy the Fighter (level 9, 0/123 HPs)
             Began as a Minotaur Fighter on Oct 8, 2020.
             Was a Priest of Qazlal.
             Slain by a six-headed hydra (6 damage)
             ... on level 8 of the Dungeon on Oct 9, 2020.
             The game lasted 00:25:53 (8190 turns).

tacoguy the Fighter (Minotaur Fighter)              Turns: 8190, Time: 00:25:54

Health: 0/123      AC: 13    Str: 21 (23) XL:     9   Next: 78%
Magic:  8/8        EV: 11    Int:  2 (5)  God:    Qazlal [***...]
Gold:   48         SH: 15    Dex:  9 (11) Spells: 8/8 levels left

rFire    + + +     SeeInvis .   w - +0 rapier (vamp)
rCold    x . .     Faith    .   c - +0 kite shield
rNeg     . . .     Spirit   .   a - +0 fire dragon scales
rPois    .         Reflect  .   (helmet restricted)
rElec    .         Harm     .   p - +0 cloak
rCorr    .         Rampage  .   l - +0 pair of gloves
MR       .....                  (no boots)
Stlth    ..........             (no amulet)
HPRegen  0.30/turn              m - ring of protection from fire
MPRegen  0.11/turn              (no ring)

@: mighty, berserking, very quick
A: retaliatory headbutt, horns 2
a: Upheaval, Elemental Force, Renounce Religion


You were on level 8 of the Dungeon.
You worshipped Qazlal.
Qazlal was most pleased with you.
You visited 1 branch of the dungeon, and saw 8 of its levels.

You collected 419 gold pieces.
You spent 371 gold pieces at shops.

Inventory:

Hand Weapons
 b - a +0 morningstar
 o - a +3 quarterstaff of chaos
 w - a +0 vampiric rapier (weapon)
Missiles
 q - 7 curare-tipped darts (quivered)
Armour
 a - +0 fire dragon scales (worn)
 c - a +0 kite shield (worn)
 l - a +0 pair of gloves (worn)
 p - a +0 cloak (worn)
Jewellery
 m - a ring of protection from fire (left hand)
Wands
 x - a wand of flame (16)
Scrolls
 e - 3 scrolls of enchant weapon {unknown}
 f - 3 scrolls of teleportation {unknown}
 g - 8 scrolls of remove curse
 i - 5 scrolls of identify
 j - a scroll of random uselessness {unknown}
 k - a scroll of magic mapping {unknown}
 n - 3 scrolls of fog {unknown}
 t - a scroll of amnesia {unknown}
 v - a scroll of torment {unknown}
Potions
 d - 2 potions of might
 h - 2 potions of degeneration


   Skills:
 + Level 8.4 Fighting
 + Level 7.1 Short Blades
 + Level 8.3 Armour
 + Level 6.7 Dodging
 + Level 8.3 Shields


You had 8 spell levels left.
You didn't know any spells.
Your spell library contained the following spells:

 Spells                   Type           Power        Failure   Level
 Shock                    Conj/Air       #...         99%         1
 Swiftness                Air            #.......     100%        2
 Static Discharge         Conj/Air       #.......     100%        3
 Airstrike                Air            #.........   100%        4
 Lightning Bolt           Conj/Air       #.........   100%        5


Dungeon Overview and Level Annotations

Branches:
Dungeon (8/15)             Temple (0/1) D:5
   Lair: D:8-11

Altars:
Cheibriados
Elyvilon
Gozag
Hepliaklqana
Kikubaaqudgha
Okawaru
Qazlal
Ru
Sif Muna
Trog
Uskayaw
Wu Jian
Yredelemnul
Zin

Shops:
D:6 (*   D:8 *


Innate Abilities, Weirdness & Mutations

You reflexively headbutt those who attack you in melee.
You have a pair of horns on your head.


Message History

* * * LOW HITPOINT WARNING * * *
The six-headed hydra closely misses you. x2
You puncture the six-headed hydra!
You feel better.
The six-headed hydra is almost dead.
You block the six-headed hydra's attack. x3
The six-headed hydra completely misses you. x2
You block the six-headed hydra's attack.
Your fire dragon scales prevents you from hitting the six-headed hydra.
The six-headed hydra is almost dead.
You puncture the six-headed hydra!
You feel better.
The six-headed hydra is almost dead.
The six-headed hydra bites you but does no damage.
You block the six-headed hydra's attack.
The six-headed hydra bites you.
* * * LOW HITPOINT WARNING * * *
The six-headed hydra bites you!
* * * LOW HITPOINT WARNING * * *
The six-headed hydra bites you but does no damage.
The six-headed hydra bites you.
You die...

####+#######
#.$........#
#..#.#.#...#
#.........?# #
#..#.#.#...#
##.#.........#
#.....#D#.#.# ...
...:...@†...#.....
(.....#.#####.......
..... +.............
.... ##...........
.#+ #.........#
#####.........###
#................
#.###.........#
#.........####


You could see a six-headed hydra.

Vanquished Creatures
  A wyvern (D:8)
  3 orc warriors (D:7)
  A water moccasin (D:5)
  A black bear (D:7)
  2 eyes of draining (D:3)
  4 ice beasts
  A sky beast (D:5)
  A centaur (D:7)
  4 ogres
  A big kobold (D:7)
  2 bullfrogs (D:6)
  A water moccasin skeleton (D:6)
  3 scorpions
  8 wights
  A howler monkey (D:6)
  3 bullfrog zombies
  A hound (D:4)
  2 jellies
  Crazy Yiuf (D:3)
  2 orc priests (D:7)
  Jessica (D:2)
  An iguana (D:3)
  8 worker ants
  8 orc wizards
  A worker ant zombie (D:5)
  A howler monkey skeleton (D:6)
  A gnoll (D:3)
  8 adders
  A river rat (D:6)
  2 oozes
  An adder skeleton (D:4)
  An adder zombie (D:5)
  4 worms
  A dart slug (D:2)
  5 leopard geckos
  26 orcs
  9 giant cockroaches
  11 goblins
  8 hobgoblins
  6 jackals
  19 kobolds
  5 quokkas
  2 ball pythons
  4 bats
  3 frilled lizards
  A leopard gecko zombie (D:6)
  10 rats
191 creatures vanquished.

Notes
Turn   | Place    | Note
-------+----------+-------------------------------------------
     0 | D:1      | tacoguy the Minotaur Fighter began the quest for the Orb.
     0 | D:1      | Reached XP level 1. HP: 19/19 MP: 0/0
   211 | D:1      | Reached XP level 2. HP: 27/27 MP: 1/1
   650 | D:1      | Reached skill level 1 in Dodging
  1148 | D:2      | Found an ornate altar of the Wu Jian Council.
  1191 | D:2      | Noticed Jessica
  1197 | D:2      | Killed Jessica
  1197 | D:2      | Reached XP level 3. HP: 28/33 MP: 2/2
  1352 | D:2      | Reached XP level 4. HP: 40/40 MP: 3/3
  1606 | D:2      | Found an iron altar of Okawaru.
  2274 | D:3      | Reached XP level 5. HP: 33/47 MP: 4/4
  2435 | D:3      | Found a stormy altar of Qazlal.
  2436 | D:3      | Found a shimmering blue altar of Sif Muna.
  2437 | D:3      | Found a snail-covered altar of Cheibriados.
  2438 | D:3      | Found a hide-covered altar of Uskayaw.
  2449 | D:3      | Became a worshipper of Qazlal Stormbringer
  2707 | D:3      | Found a bloodstained altar of Trog.
  2707 | D:3      | Noticed an eye of draining
  2708 | D:3      | Noticed an eye of draining
  2727 | D:3      | Killed an eye of draining
  2727 | D:3      | Reached skill level 5 in Armour
  2727 | D:3      | Reached XP level 6. HP: 55/55 MP: 0/5
  2735 | D:3      | Reached skill level 5 in Fighting
  2735 | D:3      | Reached skill level 5 in Shields
  2896 | D:3      | Found a runed translucent door.
  2897 | D:3      | Noticed Crazy Yiuf
  2905 | D:3      | Killed Crazy Yiuf
  3268 | D:4      | Noticed an ice beast
  3298 | D:4      | Reached * piety under Qazlal
  3306 | D:4      | Reached XP level 7. HP: 35/61 MP: 6/6
  3698 | D:4      | Found an ancient bone altar of Kikubaaqudgha.
  3903 | D:4      | Found a glowing silver altar of Zin.
  3987 | D:4      | Found a transporter.
  3990 | D:4      | Found a transporter.
  4630 | D:5      | Entered Level 5 of the Dungeon
  4630 | D:5      | Found a sacrificial altar of Ru.
  4771 | D:5      | Found a white marble altar of Elyvilon.
  4910 | D:5      | Reached XP level 8. HP: 70/70 MP: 7/7
  4942 | D:5      | Reached skill level 5 in Short Blades
  5166 | D:5      | Got a smoking leather armour
  5177 | D:5      | Identified the +3 leather armour of the Eleven Planets
                  | {-Cast Int+6} (You found it on level 5 of the Dungeon)
  5214 | D:5      | Reached ** piety under Qazlal
  5297 | D:5      | Found a staircase to the Ecumenical Temple.
  5622 | D:6      | Found a hazy altar of Hepliaklqana.
  5706 | D:6      | Reached skill level 5 in Dodging
  5808 | D:6      | Found Tyamoof's General Store.
  5811 | D:6      | Bought a +0 vampiric rapier for 182 gold pieces
  5847 | D:6      | Found Maiqulypt's Antique Weapon Shop.
  5851 | D:6      | Bought a glowing rapier for 189 gold pieces
  5971 | D:6      | Reached XP level 9. HP: 39/79 MP: 8/8
  7044 | D:7      | Reached *** piety under Qazlal
  7044 | D:7      | HP: 3/81 [orc warrior/+0 trident (11)]
  7565 | D:7      | Found a basalt altar of Yredelemnul.
  7648 | D:7      | Found a shimmering blue altar of Sif Muna.
  7724 | D:7      | Found Gozag's Platinum Reserve.
  7731 | D:7      | Found an opulent altar of Gozag.
  8045 | D:8      | Found Heiwkah's Assorted Antiques.
  8176 | D:8      | Noticed a six-headed hydra
  8187 | D:8      | HP: 5/123 [six-headed hydra (4)]
  8190 | D:8      | Slain by a six-headed hydra

Illustrated notes

Levels and vault maps discovered:
D:1:      dpeg_arrival_pits, layout_loops_corners
D:2:      layout_basic, lemuel_coloured_pillars_altar,
          okawaru_ov_weapons_minmay, kennysheep_boxes, uniq_jessica
D:3:      layout_loops_ring, trog_eyes_of_draining,
          chequers_temple_overflow_statue_of_worship, minmay_misc_feat_hallway,
          uniq_crazy_yiuf_cottage
D:4:      layout_basic, gammafunk_temple_overflow_arena, kiku_gazebo_pond_becter
D:5:      layout_loops_cross, nicolae_ru_awakened_eye, old_standard_altar,
          minmay_temple_entry_glass, serial_glass, glass_columns_a,
          glass_columns_b, glass_columns_a, glass_columns_a, glass_columns_b,
          glass_columns_c, glass_columns_a, glass_columns_b, glass_columns_b,
          glass_columns_b
D:6:      layout_basic, lemuel_round_altar, gup_sewer_entry_spiral,
          serial_shops, nicolae_shop_behind_doors, kennysheep_mini_moat
D:7:      kennysheep_orc_sif_temple, layout_basic, kennysheep_mini,
          nicolae_gozag_zags_fifth_avenue
D:8:      layout_basic, serial_glass, glass_columns_c, glass_columns_b,
          glass_columns_a, glass_columns_b, glass_columns_b, glass_columns_b,
          serial_shops, nicolae_shop_temple_entry_statues_fountains,
          nicolae_shop_stone, shop_statue, uniq_pikel

Skill      XL: |  1  2  3  4  5  6  7  8  9 |
---------------+----------------------------+-----
Dodging        | 1 2 3 4 5 6 |  6.7
Fighting       | 4 5 6 7 8 |  8.4
Armour         | 4 5 6 7 8 |  8.3
Shields        | 4 5 6 7 8 |  8.3
Short Blades   | 3 4 6 7 |  7.1

Action                   |  1- 3 |  4- 6 |  7- 9 || total
-------------------------+-------+-------+-------++-------
Melee: Rapier            |    77 |   153 |   449 ||   679
       Headbutt          |    10 |    34 |    96 ||   140
  Use: Scroll            |     2 |     2 |     1 ||     5
       Potion            |       |       |    11 ||    11
Armor: Scale mail        |    26 |    44 |    74 ||   144
       Fire dragon scale |       |       |    53 ||    53
Dodge: Dodged            |    19 |    43 |   128 ||   190
Block: Kite shield       |    43 |    70 |   323 ||   436

Table legend: (Time is in decaauts)
 A = Elapsed time spent in this place.
 B = Non-inter-level travel time spent in this place.
 C = Inter-level travel time spent in this place.
 D = Time resting spent in this place.
 E = Time spent auto-exploring this place.
 F = Levels seen in this place.
 G = Mean time per level.
                   A        B        C        D        E       F      G
               +--------+--------+--------+--------+--------+-----+--------+
         Total |   8313 |   7868 |    445 |   1256 |   4801 |   8 | 1039.1 |
       Dungeon |   8313 |   7868 |    445 |   1256 |   4801 |   8 | 1039.1 |
               +--------+--------+--------+--------+--------+-----+--------+

Top non-repeatable levels by time:
     D:4: 1384 daAuts
     D:6: 1318 daAuts
     D:7: 1283 daAuts
     D:3: 1149 daAuts
     D:1: 1125 daAuts
     D:2: 1030 daAuts
     D:5: 880 daAuts
     D:8: 141 daAuts
